 Dungeon Crawl Stone Soup version 0.30-a0-176-gdd20fb75b6 (webtiles) character file.

Game seed: 2052563161893718739

325 Decritt the Magician (level 6, -3/47 HPs)
             Began as a Djinni Conjurer on Oct 2, 2022.
             Slain by a gnoll
             ... wielding a +0 whip
              (9 damage)
             ... on level 4 of the Dungeon.
             The game lasted 00:05:31 (3054 turns).

Decritt the Magician (Djinni Conjurer)              Turns: 3054, Time: 00:05:32

Health: -3/47      AC:  2    Str:  6    XL:     6   Next: 78%
Gold:   93         EV: 12    Int: 21    God:
                   SH:  0    Dex: 12

rFire   + + .      SeeInvis .    u - +8 broad axe "Gyet" {freeze, Will+}
rCold   x . .      Faith    .    (no shield)
rNeg    . . .      Spirit   .    a - +0 robe
rPois   ∞          Reflect  .    (no helmet)
rElec   .          Harm     .    (no cloak)
rCorr   .          Rampage  .    (no gloves)
Will    +....                    (boots unavailable)
Stlth   ++........               (no amulet)
HPRegen 0.27/turn                (no ring)
MPRegen 0.00/turn                (no ring)

@: flying
A: sickness immunity, fire resistance 2, cold vulnerability 1, float, innate
caster, HP casting, extra vitality 1
a: no special abilities


You were on level 4 of the Dungeon.
You visited 1 branch of the dungeon, and saw 4 of its levels.

You collected 141 gold pieces.
You spent 48 gold pieces at shops.

Inventory:

Hand Weapons
 u - the +8 broad axe "Gyet" (weapon) {freeze, Will+}
   (You found it on level 3 of the Dungeon)

   It freezes those it strikes, dealing additional cold damage.
   It can also slow down cold-blooded creatures.
   Will:      It increases your willpower.
Missiles
 r - a throwing net (quivered)
 t - a poisoned dart
Armour
 a - a +0 robe (worn)
 j - a +2 kite shield of cold resistance
Magical Staves
 n - a staff of earth
Jewellery
 o - a +4 ring of slaying
Scrolls
 b - 2 scrolls of teleportation
 c - a scroll of poison
 d - a scroll of immolation
 e - a scroll of enchant weapon {unknown}
 g - a scroll of magic mapping {unknown}
 k - a scroll of noise {unknown}
 s - a scroll of amnesia {unknown}
Potions
 f - 2 potions of haste {unknown}
 h - 2 potions of attraction
 l - 2 potions of lignification
 m - a potion of might
 p - a potion of brilliance {unknown}
 q - 2 potions of heal wounds {unknown}


   Skills:
 + Level 4.2 Fighting
 - Level 2.1 Dodging
 - Level 1.5 Stealth
 + Level 4.7 Spellcasting


You couldn't memorise any spells.
You knew the following spells:

 Your Spells              Type           Power      Damage    Failure   Level
a - Magic Dart            Conj           100%       1d8       1%          1
b - Searing Ray           Conj           50%        2d6       2%          2
c - Fulminant Prism       Conj/Hex       12%        3d9       16%         4
d - Dazzling Flash        Conj/Hex       50%        N/A       4%          3
e - Iskenderun's Mystic   Conj/Tloc      25%        2d7       16%         4
f - Beastly Appendage     Tmut           50%        N/A       1%          1
g - Static Discharge      Conj/Air       50%        2-5/arc   2%          2
Your spell library was empty.

Dungeon Overview and Level Annotations

Branches:
Dungeon (4/15)
 Temple: D:4-7

Altars:

Shops:
D:2 *


Innate Abilities, Weirdness & Mutations

You are immune to sickness and miasma.
You are immune to poison.
Your flesh is very heat resistant. (rF++)
You are vulnerable to cold. (rC-)
You float through the air rather than walking.
You learn spells naturally, not from books.
Your magical power is your life essence.
You have superior vitality. (+4 MHP)


Message History

A gnoll comes into view. It is wielding a +0 spear.
There is a large open door here.
The gnoll shouts!
You see here a scroll labelled RIYCUA XAMI.
There are monsters nearby!
You slash the orc! You freeze the orc.
You kill the orc!
The gnoll closely misses you. x2
You closely miss the gnoll. Your punch misses the gnoll.
The gnoll hits you with a +0 whip!
The gnoll hits you from afar with a +0 spear.
The gnoll hits you with a +0 whip! The gnoll closely misses you.
You hit the gnoll. You freeze the gnoll.
The gnoll is moderately wounded.
The gnoll hits you from afar with a +0 spear.
* * * LOW HITPOINT WARNING * * *
The gnoll closely misses you.
You closely miss the gnoll.
The gnoll is moderately wounded.
The gnoll hits you from afar with a +0 spear.
* * * LOW HITPOINT WARNING * * *
The gnoll hits you with a +0 whip!
* * * LOW HITPOINT WARNING * * *
The gnoll hits you from afar with a +0 spear.
* * * LOW HITPOINT WARNING * * *
The gnoll hits you with a +0 whip.
* * * LOW HITPOINT WARNING * * *
You feel better. The gnoll closely misses you. x2
You see here a scroll labelled RIYCUA XAMI.
You feel better. The gnoll misses you. The gnoll barely misses you.
The gnoll attacks as you move away! The gnoll closely misses you.
There is a large open door here.
The gnoll attacks as you move away! The gnoll completely misses you.
The gnoll attacks as you move away! The gnoll hits you with a +0 whip!
* * * LOW HITPOINT WARNING * * *
The gnoll attacks as you move away! The gnoll barely misses you.
The gnoll attacks as you move away! The gnoll hits you with a +0 whip.
* * * LOW HITPOINT WARNING * * *
The gnoll attacks as you move away! The gnoll hits you with a +0 whip!
You die...

#############
#8..8#......#
+....'..8# +....'?.8#
#...g#..)......
#....#########+ #...g#
#...@# #...)#
####''''#############
....................#
~~~~~~....~~~~†~~~~~~≈#
~≈≈≈~....≈≈≈≈≈≈≈≈≈≈≈≈≈
~~~~....~~~~~~~~~~≈~~
.....................
.........####.######


You could see 2 gnolls.

Vanquished Creatures
  An ogre (D:4)
  A howler monkey (D:4)
  A hound (D:4)
  Jessica (D:3)
  An iguana (D:4)
  Robin (D:3)
  A gnoll (D:4)
  An adder (D:2)
  A white imp (D:4)
  2 worms
  A dart slug (D:3)
  6 orcs
  3 ball pythons
  5 bats (D:1)
  5 endoplasms
  A giant cockroach (D:4)
  10 goblins
  9 hobgoblins
  7 jackals
  4 quokkas
  5 frilled lizards
  7 kobolds
  2 rats (D:1)
76 creatures vanquished.

Vanquished Creatures (others)
  A plant (D:4)
1 creature vanquished.

Grand Total: 77 creatures vanquished

Notes
Turn   | Place    | Note
-------+----------+-------------------------------------------
     0 | D:1      | Decritt the Djinni Conjurer began the quest for the Orb.
     0 | D:1      | Decritt set off with the following spells memorised: Magic
                  | Dart, Searing Ray, Dazzling Flash, Fulminant Prism,
                  | Iskenderun's Mystic Blast.
     0 | D:1      | Reached XP level 1. HP: 15/15 MP: 0/0
   147 | D:1      | Reached skill level 1 in Fighting
   147 | D:1      | Reached XP level 2. HP: 18/22 MP: 0/0
   544 | D:1      | Reached XP level 3. HP: 25/27 MP: 0/0
   544 | D:1      | Learned a level 1 spell: Beastly Appendage
  1373 | D:2      | Found Vaanwist's General Store.
  1383 | D:2      | Bought a scroll of identify for 24 gold pieces
  1383 | D:2      | Bought a scroll of identify for 24 gold pieces
  1417 | D:2      | Reached XP level 4. HP: 31/33 MP: 0/0
  1446 | D:2      | Found a faded altar of an unknown god.
  1712 | D:3      | Noticed Robin
  1715 | D:3      | Killed Robin
  1715 | D:3      | Noticed Jessica
  1720 | D:3      | Killed Jessica
  1748 | D:3      | Reached XP level 5. HP: 24/40 MP: 0/0
  1748 | D:3      | Learned a level 2 spell: Static Discharge
  2085 | D:3      | Identified the +8 broad axe "Gyet" {freeze, Will+}
  2542 | D:4      | Noticed an ogre
  2549 | D:4      | Killed an ogre
  2550 | D:4      | Reached XP level 6. HP: 42/46 MP: 0/0
  3054 | D:4      | Slain by a gnoll

Illustrated notes

Levels and vault maps discovered:
D:1:      minmay_arrival_five_plusses, layout_loops_ring
D:2:      layout_basic, ebering_ecumenical_altar_ruins, serial_shops,
          nicolae_shop_statue_plus
D:3:      layout_basic, hangedman_decor_opposing, uniq_jessica, uniq_robin
D:4:      lemuel_castle_with_subvaults [lemuel_castle_interior_carwin_2],
          layout_rooms, minivault_5

Skill      XL: |  1  2  3  4  5  6 |
---------------+-------------------+-----
Fighting       | 1 2 3 4 |  4.2
Spellcasting   | 4 |  4.7
Dodging        | |  2.1
Stealth        | |  1.5

Action                   |  1- 3 |  4- 6 || total
-------------------------+-------+-------++-------
Melee: Unarmed           |     7 |       ||     7
       Broad axe         |       |    38 ||    38
       Punch             |       |     1 ||     1
Throw: Dart              |       |    12 ||    12
 Cast: Magic Dart        |    72 |    35 ||   107
       Searing Ray       |     1 |     4 ||     5
       Beastly Appendage |     1 |       ||     1
  Use: Scroll            |     3 |     4 ||     7
       Potion            |       |     2 ||     2
Armor: Robe              |     8 |     5 ||    13
Dodge: Dodged            |     3 |    33 ||    36

Table legend: (Time is in decaauts)
 A = Elapsed time spent in this place.
 B = Non-inter-level travel time spent in this place.
 C = Inter-level travel time spent in this place.
 D = Time resting spent in this place.
 E = Time spent auto-exploring this place.
 F = Levels seen in this place.
 G = Mean time per level.
                   A        B        C        D        E       F      G
               +--------+--------+--------+--------+--------+-----+--------+
         Total |   3075 |   2986 |     89 |    287 |   2288 |   4 |  768.8 |
       Dungeon |   3075 |   2986 |     89 |    287 |   2288 |   4 |  768.8 |
               +--------+--------+--------+--------+--------+-----+--------+

Top non-repeatable levels by time:
     D:2: 871 daAuts
     D:3: 821 daAuts
     D:1: 791 daAuts
     D:4: 591 daAuts
